 Dungeon Crawl Stone Soup version 0.28-a0-1395-g4f6bc678fa (console) character file.

Game seed: 9947888062248259557

3 petzl the Vexing (level 1, -1/15 HPs)
             Began as a Formicid Arcane Marksman on Jan 4, 2022.
             Slain by a giant cockroach (2 damage)
             ... on level 2 of the Dungeon.
             The game lasted 00:00:35 (61 turns).

petzl the Vexing (Formicid Arcane Marksman)           Turns: 61, Time: 00:00:36

Health: -1/15      AC:  2    Str: 14    XL:     1   Next: 55%
Magic:  2/2        EV: 12    Int: 12    God:
Gold:   0          SH:  0    Dex: 11    Spells: 1/2 levels left

rFire   . . .      SeeInvis +   a - +0 hand crossbow
rCold   . . .      Faith    .   (no shield)
rNeg    . . .      Spirit   .   d - +0 robe
rPois   .          Reflect  .   (helmet unavailable)
rElec   .          Harm     .   (no cloak)
rCorr   .          Rampage  .   (no gloves)
Will    .....                   (no boots)
Stlth   +.........              (no amulet)
HPRegen 0.05/turn               (no ring)
MPRegen 0.08/turn               (no ring)

@: no status effects
A: permanent stasis, dig shafts and tunnels, antennae 3, four strong arms
a: Dig, Shaft Self


You were on level 2 of the Dungeon.
You visited 1 branch of the dungeon, and saw 2 of its levels.

Inventory:

Hand Weapons
 a - a +0 hand crossbow (weapon)
Missiles
 c - 10 bolts (quivered ammo)
Armour
 d - a +0 robe (worn)
Scrolls
 b - a scroll of enchant armour {unknown}


   Skills:
 + Level 1.2 Fighting
 + Level 2.0 Crossbows
 + Level 0.1 Armour
 + Level 1.8 Dodging
 + Level 0.3 Stealth
 + Level 1.1 Spellcasting
 - Level 3.6 Hexes


You had one spell level left.
You knew the following spells:

 Your Spells              Type           Power      Damage    Failure   Level
a - Slow                  Hex            36%        N/A       7%          1

Your spell library contained the following spells:

 Spells                   Type           Power      Damage    Failure   Level
 Inner Flame              Hex/Fire       5%         N/A       38%         3
 Portal Projectile        Hex/Tloc       10%        N/A       38%         3
 Cause Fear               Hex            4%         N/A       54%         4


Dungeon Overview and Level Annotations

Branches:
Dungeon (2/15)

Altars:


Innate Abilities, Weirdness & Mutations

You cannot be hasted, slowed, berserked, paralysed or teleported.
You can dig through walls and to a lower floor.
You have a pair of large antennae on your head. (SInv)
Your four strong arms can wield two-handed weapons with a shield.


Message History

The kobold throws a stone.
The stone barely misses you.
The kobold throws a stone.
The stone closely misses you. The giant cockroach barely misses you.
Found a ring mail.
The giant cockroach bites you.
A jackal comes into view.
Found a stone staircase leading down.
The giant cockroach bites you.
The giant cockroach bites you but does no damage.
The goblin hits you with a +0 dagger of pain.
A jackal comes into view.
The jackal barks!
You hear a bark!
A jackal comes into view.
The giant cockroach bites you but does no damage.
The giant cockroach closely misses you.
The kobold throws a stone.
The stone barely misses you.
There is a stone staircase leading down here.
The giant cockroach barely misses you. The jackal bites you.
* * * LOW HITPOINT WARNING * * *
The goblin closely misses you.
You climb downwards.
Found 2 silvery potions.
There is a stone staircase leading up here.
Fire: 12 bolts
Press: ? - help, Q - select action, (/) - cycle Shift-Dir - straight line, f - jackal
Aim: a jackal (53% to hit)
You shoot a bolt.
The bolt hits the jackal but does no damage.
The jackal misses you. The giant cockroach barely misses you.
The jackal closely misses you.
The goblin hits you with a +0 dagger of pain.
* * * LOW HITPOINT WARNING * * *
The giant cockroach closely misses you.
Fire: 11 bolts
Press: ? - help, Q - select action, (/) - cycle Shift-Dir - straight line, f/p - jackal
Aim: a jackal (53% to hit)
You shoot a bolt. The bolt hits the jackal!
You kill the jackal!
The giant cockroach completely misses you.
The goblin misses you. The giant cockroach closely misses you.
The goblin closely misses you.
Things that are here:
2 bolts; a jackal corpse The giant cockroach bites you.
You die...

.# .# .. .# .###
... ###########.#
.......@B(g.#
##########......!.
#........
#..###### #..#
...# ...# .#.#


You could see a giant cockroach and a goblin.

Vanquished Creatures
  A hobgoblin (D:1)
  A jackal (D:2)
  A kobold (D:1)
3 creatures vanquished.

Notes
Turn   | Place    | Note
-------+----------+-------------------------------------------
     0 | D:1      | petzl the Formicid Arcane Marksman began the quest for the
                  | Orb.
     0 | D:1      | Reached XP level 1. HP: 15/15 MP: 2/2
    61 | D:2      | Slain by a giant cockroach

Illustrated notes

Levels and vault maps discovered:
D:1:      ldierk_walled_garden, layout_rooms, serial_bayou_pond_e
D:2:      layout_loops_ring, uniq_jessica, uniq_robin

Action                   || total
-------------------------++-------
 Fire: Hand crossbow     ||    10
Armor: Robe              ||     5
Dodge: Dodged            ||    19

Table legend: (Time is in decaauts)
 A = Elapsed time spent in this place.
 B = Non-inter-level travel time spent in this place.
 C = Inter-level travel time spent in this place.
 D = Time resting spent in this place.
 E = Time spent auto-exploring this place.
 F = Levels seen in this place.
 G = Mean time per level.
                   A        B        C        D        E       F      G
               +--------+--------+--------+--------+--------+-----+--------+
         Total |     64 |     64 |      0 |      0 |     24 |   2 |   32.0 |
       Dungeon |     64 |     64 |      0 |      0 |     24 |   2 |   32.0 |
               +--------+--------+--------+--------+--------+-----+--------+

Top non-repeatable levels by time:
     D:1: 59 daAuts
     D:2: 5 daAuts
